 Dungeon Sprint DCSS version 0.30-a0-930-gb9d0489357 (webtiles) character file.

Game seed: 9937870216828468862

829 testman the Fighter (level 7, -3/64 HPs)
             Began as a Demonspawn Gladiator on Mar 23, 2023.
             Was the Champion of Uskayaw.
             Killed from afar by a steam dragon (13 damage)
             ... with a ball of steam
             ... in the Dungeon (Sprint IX: "|||||||||||||||||||||||||||||").
             The game lasted 00:03:59 (226 turns).

testman the Fighter (Demonspawn Gladiator)           Turns: 226, Time: 00:04:01

Health: -3/64      AC:  6    Str: 17    XL:     7   Next: 65%
Magic:  8/11       EV: 16    Int: 12    God:    Uskayaw [******]
Gold:   0          SH:  0    Dex: 17    Spells: 6/6 levels left

rFire   . . .      SeeInvis .    n - +2 rapier (vamp)
rCold   . . .      Faith    .    (no shield)
rNeg    . . .      Spirit   .    b - +0 leather armour
rPois   .          Reflect  .    c - +0 helmet
rElec   .          Rampage  .    (no cloak)
rCorr   .          NoTele   +    o - +0 pair of gloves
Will    .....                    p - +0 pair of boots
Stlth   +                        (no amulet)
HPRegen 0.30/turn                r - +3 ring of intelligence
MPRegen 0.12/turn                s - +3 ring of strength

@: slowed, very slow
A: hooves 1, ignite blood 1, spiny 1
a: Renounce Religion, Stomp, Line Pass, Grand Finale


You were in the Dungeon.
You worshipped Uskayaw.
Uskayaw was noncommittal.
You visited 1 branch

Inventory:

Hand Weapons
 a - a +0 rapier
 n - a +2 vampiric rapier (weapon)
Missiles
 d - 2 throwing nets (quivered)
Armour
 b - a +0 leather armour (worn)
 c - a +0 helmet (worn)
 o - a +0 pair of gloves (worn)
 p - a +0 pair of boots (worn)
 q - a +1 chain mail
Jewellery
 r - a +3 ring of intelligence (left hand)
 s - a +3 ring of strength (right hand)
Wands
 m - a wand of iceblast (10)
Scrolls
 k - 2 scrolls of blinking
 l - 2 scrolls of amnesia
Potions
 f - 5 potions of curing
 h - a potion of haste
 i - 4 potions of magic
 j - a potion of invisibility


   Skills:
 + Level 9.1 Fighting
 + Level 5.6 Short Blades
 + Level 8.1 Throwing
 + Level 8.6 Dodging
 + Level 6.6 Invocations


You had 6 spell levels left.
You didn't know any spells.
Your spell library was empty.

Dungeon Overview and Level Annotations

Branches:
Dungeon (1/1)

Altars:
Cheibriados
Dithmenos
Fedhas
Gozag
Hepliaklqana
Kikubaaqudgha
Makhleb
Nemelex Xobeh
Okawaru
Qazlal
Ru
Sif Muna
Trog
Uskayaw
Vehumet
Wu Jian
Xom
Yredelemnul
Jiyva
Lugonu


Innate Abilities, Weirdness & Mutations

You have large cloven feet.
Your demonic aura sometimes causes spilled blood to erupt in flames.
You are partially covered in sharp spines.


Message History

Your Fighting skill increases to level 9!
Your Throwing skill increases to level 8!
You hit the wight.
The wight is heavily damaged.
The wight completely misses you.
You puncture the wight!
You destroy the wight!
The steam dragon is struck by your spines.
The steam dragon bites you. The steam dragon closely misses you.
You hit the steam dragon.
You feel better.
You punch the steam dragon, but do no damage.
The steam dragon is lightly wounded.
The steam dragon bites you. The steam dragon misses you.
You hit the steam dragon.
You feel better.
The steam dragon is moderately wounded.
The steam dragon breathes steam at you. The ball of steam hits you!!
* * * LOW HITPOINT WARNING * * *
Throw: 3 throwing nets
Press: ? - help, Q - select action, (/) - cycle Shift-Dir - straight line, f - steam dragon
Aim: a steam dragon (moderately wounded, catching its breath, 68% to hit)
You throw a throwing net. The throwing net hits the steam dragon.
The steam dragon is caught in the net!
The steam dragon is moderately wounded.
You are engulfed in a cloud of scalding steam.
The steam dragon struggles against the net.
You strike the helpless steam dragon from behind!
You puncture the steam dragon!
You feel better.
The steam dragon is severely wounded.
You are engulfed in a cloud of scalding steam.
* * * LOW HITPOINT WARNING * * *
The steam dragon struggles against the net. x2
You strike the helpless steam dragon from behind!
You hit the steam dragon.
The steam dragon is almost dead.
You are engulfed in a cloud of scalding steam.
* * * LOW HITPOINT WARNING * * *
The steam dragon breathes steam at you. The ball of steam hits you!
You die...

▓.▓
▓)▓
▓.▓
▓.▓
▓§▓
▓§▓
▓.▓
▓.▓
▓@▓
▓D▓
▓.▓
▓.▓
▓.▓
▓(▓
▓.▓
▓+▓


You could see a steam dragon (caught, catching breath).

Vanquished Creatures
  A wyvern (D)
  2 wraiths (D)
  A black bear (D)
  A centaur (D)
  A phantom (D)
  A scorpion (D)
  A wight (D)
  An orc priest (D)
  An orc (D)
  A giant cockroach (D)
  A ball python (D)
  A frilled lizard (D)
  2 rats (D)
15 creatures vanquished.

Notes
Turn   | Place    | Note
-------+----------+-------------------------------------------
     0 | D        | testman the Demonspawn Gladiator began the quest for the
                  | Orb.
     0 | D        | Reached XP level 1. HP: 16/16 MP: 1/1
    27 | D        | Noticed a phantom
    27 | D        | Noticed an orc priest
    27 | D        | Noticed a scorpion
    27 | D        | Noticed a black bear
    28 | D        | Banished a spatial maelstrom
    35 | D        | Killed a phantom
    36 | D        | Reached skill level 5 in Fighting
    36 | D        | Reached skill level 5 in Dodging
    36 | D        | Gained mutation: Your demonic aura sometimes causes spilled
                  | blood to erupt in flames. [demonic ancestry]
    36 | D        | Reached XP level 2. HP: 27/27 MP: 2/2
    36 | D        | Gained mutation: You are partially covered in sharp spines.
                  | [demonic ancestry]
    36 | D        | Reached XP level 3. HP: 33/33 MP: 3/3
    36 | D        | Reached XP level 4. HP: 39/39 MP: 4/4
    43 | D        | Killed a scorpion
    44 | D        | Reached skill level 6 in Fighting
    44 | D        | Reached skill level 5 in Throwing
    44 | D        | Gained mutation: You have large cloven feet. [demonic
                  | ancestry]
    44 | D        | Reached XP level 5. HP: 47/47 MP: 5/5
    46 | D        | Killed a black bear
    47 | D        | Reached skill level 7 in Fighting
    79 | D        | Found a snail-covered altar of Cheibriados.
    79 | D        | Found a shadowy altar of Dithmenos.
    79 | D        | Found a blossoming altar of Fedhas.
    79 | D        | Found an opulent altar of Gozag.
    80 | D        | Found a hazy altar of Hepliaklqana.
    81 | D        | Found a viscous altar of Jiyva.
    82 | D        | Found an ancient bone altar of Kikubaaqudgha.
    83 | D        | Found a corrupted altar of Lugonu.
    84 | D        | Found a burning altar of Makhleb.
    85 | D        | Found a sparkling altar of Nemelex Xobeh.
    86 | D        | Found an iron altar of Okawaru.
    87 | D        | Found a stormy altar of Qazlal.
    88 | D        | Found a sacrificial altar of Ru.
    89 | D        | Found a shimmering blue altar of Sif Muna.
    90 | D        | Found a bloodstained altar of Trog.
    91 | D        | Found a hide-covered altar of Uskayaw.
    92 | D        | Found a radiant altar of Vehumet.
    93 | D        | Found an ornate altar of the Wu Jian Council.
    94 | D        | Found a shimmering altar of Xom.
    95 | D        | Found a basalt altar of Yredelemnul.
    99 | D        | Became a worshipper of Uskayaw the Reveller
   179 | D        | Noticed a wraith
   179 | D        | Noticed a wraith
   179 | D        | Noticed a wyvern
   179 | D        | Noticed a centaur
   179 | D        | Noticed a steam dragon
   182 | D        | Reached * piety under Uskayaw
   187 | D        | Reached ** piety under Uskayaw
   203 | D        | Killed a wraith
   204 | D        | Reached skill level 8 in Fighting
   204 | D        | Reached XP level 6. HP: 12/56 MP: 5/8
   205 | D        | Reached *** piety under Uskayaw
   213 | D        | Reached **** piety under Uskayaw
   216 | D        | Killed a wraith
   217 | D        | Reached skill level 5 in Invocations
   217 | D        | Reached XP level 7. HP: 31/63 MP: 7/10
   217 | D        | Killed a wyvern
   217 | D        | Reached ***** piety under Uskayaw
   218 | D        | Reached skill level 5 in Short Blades
   220 | D        | Reached skill level 9 in Fighting
   225 | D        | Reached ****** piety under Uskayaw
   226 | D        | Killed from afar by a steam dragon

Illustrated notes

Levels and vault maps discovered:
D:        linesprint [early_d, line_temple, items_1, d_10, items_2, lair_1,
          lair_end, items_3, orc_1, orc_end, items_4, d_15, swamp_1, shoals_1,
          snake_1, spider_1, d_20, vaults_1, items_5, swamp_end, shoals_end,
          snake_end, spider_end, vaults_end, d_27, items_6, zot_1, zot_end,
          crypt_end, forest_end, elf_end, slime_end, tomb_end, abyss_end,
          pan_hell_end]

Skill      XL: |  1  2  3  4  5  6  7 |
---------------+----------------------+-----
Short Blades   | 3 4 5 |  5.6
Dodging        | 5 6 7 8 |  8.6
Fighting       | 5 6 8 9 |  9.1
Throwing       | 4 5 7 8 |  8.1
Invocations    | 3 5 6 |  6.6

Action                     |  1- 3 |  4- 6 |  7- 9 || total
---------------------------+-------+-------+-------++-------
  Melee: Rapier            |    19 |    40 |     8 ||    67
         Kick              |       |     2 |       ||     2
         Punch             |       |     1 |     1 ||     2
  Throw: Javelin           |       |     1 |       ||     1
         Throwing net      |       |       |     1 ||     1
    Use: Potion            |     1 |     3 |       ||     4
   Stab: Paralysed         |       |     1 |       ||     1
         Held in net/web   |       |       |     2 ||     2
 Armour: Leather armour    |     3 |     9 |     3 ||    15
  Dodge: Dodged            |     7 |    34 |     7 ||    48

Table legend: (Time is in decaauts)
 A = Elapsed time spent in this place.
 B = Non-inter-level travel time spent in this place.
 C = Inter-level travel time spent in this place.
 D = Time resting spent in this place.
 E = Time spent auto-exploring this place.
 F = Levels seen in this place.
 G = Mean time per level.
                   A        B        C        D        E       F      G
               +--------+--------+--------+--------+--------+-----+--------+
         Total |    252 |    252 |      0 |     41 |      0 |   1 |  252.0 |
       Dungeon |    252 |    252 |      0 |     41 |      0 |   1 |  252.0 |
               +--------+--------+--------+--------+--------+-----+--------+

Top non-repeatable levels by time:
       D: 252 daAuts
